 Dungeon Crawl Stone Soup version 0.19-a0-529-g411dd88 (webtiles) character file.

155 GeneralIdiocy the Skirmisher (level 5, -10/44 HPs)
             Began as a Demonspawn Monk on June 8, 2016.
             Killed from afar by chromaticdragonking's ghost (12 damage)
             ... with a spray of energy
             ... on level 3 of the Dungeon.
             The game lasted 00:04:32 (2575 turns).

GeneralIdiocy the Skirmisher (Demonspawn Monk)      Turns: 2575, Time: 00:04:33

Health: -10/44     AC:  9    Str: 18 (19) XL:     5   Next: 14%
Magic:  5/5        EV: 10    Int: 16 (17) God:
Gold:   118        SH:  0    Dex: 13 (15) Spells: 0 memorised, 4 levels left

rFire  . . .     SeeInvis .       - Unarmed
rCold  + . .     Gourm    .     r - +0 scale mail
rNeg   . . .     Faith    .     (no shield)
rPois  +         Spirit   .     (no helmet)
rElec  .         Dismiss  .     (no cloak)
rCorr  .         Reflect  .     (no gloves)
SustAt .         Harm     .     (no boots)
MR     .....                    (no amulet)
Stlth  ..........               a - +4 ring of strength
                                e - +3 ring of strength

@: brilliant, very slightly contaminated, invisible, not resistant to hostile
enchantments, extremely unstealthy
A: thin metallic scales 2, cold resistance 1, poison resistance
a: no special abilities


You were on level 3 of the Dungeon.
You were hungry.

You visited 1 branch of the dungeon, and saw 3 of its levels.

You collected 118 gold pieces.

Inventory:

Armour
 r - a +0 scale mail (worn)
Jewellery
 a - a +4 ring of strength (right hand)
 e - a +3 ring of strength (left hand)
 l - an uncursed ring of protection from fire
Wands
 d - a wand of flame (26/48)
Scrolls
 o - 2 scrolls of magic mapping {unknown}
 p - 5 scrolls of remove curse {unknown}
 q - a scroll of fear {unknown}
Potions
 f - a potion of degeneration
 s - a potion of cure mutation
Comestibles
 b - 2 bread rations
 i - 3 fruits
 j - 3 meat rations


   Skills:
 - Level 5.1 Fighting
 + Level 2.2 Armour
 - Level 2.6 Dodging
 - Level 1.7 Stealth
 - Level 3.6 Unarmed Combat


You had 4 spell levels left.
You didn't know any spells.

Dungeon Overview and Level Annotations

Branches:
Dungeon (3/15)

Altars:
Yredelemnul

Annotations:
D:3 chromaticdragonking's ghost, amateur DrCj


Innate Abilities, Weirdness & Mutations

You are mostly covered in thin metallic scales. (AC +3)
Your flesh is cold resistant. (rC+)
Your system is resistant to poisons. (rPois)


Message History

Chromaticdragonking's ghost barely misses you.
You closely miss chromaticdragonking's ghost.
Chromaticdragonking's ghost is heavily damaged.
Chromaticdragonking's ghost gestures at you while chanting.
The magic dart hits you!
* * * LOW HITPOINT WARNING * * *
You punch chromaticdragonking's ghost!
Chromaticdragonking's ghost is severely damaged.
Chromaticdragonking's ghost says, "I have seen your future, and it is all used up."
Chromaticdragonking's ghost barely misses you.
You closely miss chromaticdragonking's ghost.
Chromaticdragonking's ghost is severely damaged.
Chromaticdragonking's ghost whispers, "Meet the emptiness of death!"
Chromaticdragonking's ghost barely misses you.
You strike the helpless chromaticdragonking's ghost from behind!
You hit chromaticdragonking's ghost.
Chromaticdragonking's ghost is severely damaged.
Chromaticdragonking's ghost points at you and mumbles some strange words.
The spray of energy hits you!
You die...

# #.# #.....#
#
#.##.#####.###
#..........#
####.#######
.####..####
#..........#
#######.##.# #
#.##.####.#
#.##...@W.#
#.#########
###


You could see chromaticdragonking's ghost.

Vanquished Creatures
  Terence (D:2)
  Ijyb (D:3)
  5 adders
  A worm (D:2)
  3 dart slugs
  2 giant geckos (D:2)
  3 giant cockroaches
  7 goblins
  7 hobgoblins
  A jackal (D:1)
  8 kobolds
  A ball python (D:1)
  5 bats
  4 giant newts
  3 rats
52 creatures vanquished.

Notes
Turn   | Place    | Note
--------------------------------------------------------------
     0 | D:1      | GeneralIdiocy the Demonspawn Monk began the quest for the Orb.
     0 | D:1      | Reached XP level 1. HP: 18/18 MP: 1/1
   234 | D:1      | Gained mutation: You are partially covered in thin metallic scales. (AC +2) [demonic ancestry]
   234 | D:1      | Reached XP level 2. HP: 19/24 MP: 2/2
   826 | D:1      | Reached skill level 4 in Fighting
   938 | D:2      | Gained mutation: You are mostly covered in thin metallic scales. (AC +3) [demonic ancestry]
   938 | D:2      | Reached XP level 3. HP: 24/30 MP: 3/3
  1381 | D:2      | Noticed Terence
  1389 | D:2      | Killed Terence
  1389 | D:2      | Reached skill level 5 in Fighting
  1389 | D:2      | Reached XP level 4. HP: 34/39 MP: 4/4
  1779 | D:2      | Reached skill level 1 in Armour
  2148 | D:2      | Found a basalt altar of Yredelemnul.
  2286 | D:3      | Noticed Ijyb
  2302 | D:3      | Killed Ijyb
  2302 | D:3      | Gained mutation: Your flesh is cold resistant. (rC+) [demonic ancestry]
  2302 | D:3      | Reached XP level 5. HP: 43/44 MP: 5/5
  2543 | D:3      | Noticed chromaticdragonking's ghost (amateur DrCj)
  2565 | D:3      | Gained mutation: Your system is resistant to poisons. (rPois) [potion of beneficial mutation]
  2572 | D:3      | HP: 1/44 [chromaticdragonking's ghost/magic dart (9)]
  2575 | D:3      | Killed from afar by chromaticdragonking's ghost

Vault maps used:
D:1:      dpeg_arrival_tiny_c
D:2:      wad_river_or_something, nicolae_overflow_hidden_temple, uniq_terence
D:3:      nicolae_ru_awakened_eye, amethyst_overflow_temple_binary, first_bread,
          hex_tiny, uniq_iyjb

Skill      XL: |  1  2  3  4 |
---------------+-------------+-----
Fighting       | 4 5 |  5.1
Armour         | 2 |  2.2
Dodging        | |  2.6
Stealth        | |  1.7
Unarmed Combat | |  3.6

Action                   |  1- 3 |  4- 6 || total
-------------------------+-------+-------++-------
Melee: Unarmed           |   116 |   129 ||   245
       Punch             |     1 |     1 ||     2
  Use: Scroll            |       |     3 ||     3
       Potion            |       |     6 ||     6
 Stab: Sleeping          |     4 |       ||     4
       Distracted        |     1 |       ||     1
       Invisible         |       |     2 ||     2
  Eat: Chunk             |     1 |     4 ||     5
Armor: Leather armour    |    34 |       ||    34
       Scale mail        |       |    54 ||    54
Dodge: Dodged            |    70 |    56 ||   126
